 Dungeon Crawl Stone Soup version 0.30.1-11-g7821555f0a (webtiles) character file.

Game seed: 4534972107720392385

183 Wiggles the Chopper (level 5, -6/47 HPs)
             Began as a Minotaur Berserker on Dec 14, 2023.
             Was a Believer of Trog.
             Succumbed to a scorpion's poison
             ... on level 3 of the Dungeon.
             The game lasted 00:03:26 (2283 turns).

Wiggles the Chopper (Minotaur Berserker)            Turns: 2283, Time: 00:03:26

Health: -6/47      AC:  5    Str: 24    XL:     5   Next: 35%
Magic:  4/4        EV: 11    Int:  4    God:    Trog [**....]
Gold:   129        SH:  0    Dex:  9    Spells: 4/4 levels left

rFire   . . .        d - +0 war axe
rCold   . . .        (no shield)
rNeg    . . .        s - +0 ring mail
rPois   .            (helmet restricted)
rElec   .            a - scarf {+Inv}
rCorr   .            (no gloves)
SInv    .            (no boots)
Will    .....        (no amulet)
Stlth   +            (no ring)
HPRegen 0.27/turn    (no ring)
MPRegen 0.09/turn

%: no passive effects
@: lethally poisoned (-6 -> -41)
A: horns 2, retaliatory headbutt
a: Renounce Religion, Evoke Invisibility, Berserk, Trog's Hand


You were on level 3 of the Dungeon.
You worshipped Trog.
Trog was pleased with you.
You visited 1 branch of the dungeon, and saw 3 of its levels.

You collected 129 gold pieces.

Inventory:

Hand Weapons
 d - a +0 war axe (weapon)
Missiles
 o - a throwing net (quivered)
Armour
 a - a scarf of invisibility (worn)
 s - a +0 ring mail (worn)
Scrolls
 b - a scroll of magic mapping {unknown}
 f - 2 scrolls of immolation {unknown}
 g - 3 scrolls of identify {unknown}
 i - a scroll of vulnerability {unknown}
 j - a scroll of noise {unknown}
 n - 2 scrolls of silence {unknown}
 q - a scroll of enchant armour {unknown}
 r - a scroll of poison {unknown}
Potions
 c - a potion of invisibility {unknown}
 e - 4 potions of brilliance {unknown}
 h - a potion of might {unknown}
 l - 3 potions of heal wounds {unknown}
 m - a potion of flight {unknown}
 p - a potion of cancellation {unknown}


   Skills:
 + Level 4.9 Fighting
 + Level 6.0 Axes
 + Level 2.6 Armour
 + Level 2.9 Dodging
 + Level 0.5 Stealth


You had 4 spell levels left.
You didn't know any spells.
Your spell library was empty.

Dungeon Overview and Level Annotations

Branches:
Dungeon (3/15)

Altars:


Innate Abilities, Weirdness & Mutations

You have a pair of horns on your head.
You reflexively headbutt those who attack you in melee.


Message History

A scorpion comes into view.
Found a scroll labelled ATUIFE HUOSE.
A quokka comes into view.
The scorpion misses you.
You closely miss the scorpion. Your headbutt misses the scorpion.
The scorpion closely misses you. The scorpion stings you.
You are poisoned.
The scorpion poisons you!
You hit the scorpion but do no damage.
You feel very sick. The scorpion stings you.
You closely miss the scorpion.
You feel sick.
The scorpion stings you but does no damage.
The scorpion closely misses you. You furiously retaliate!
You headbutt the scorpion.
You are too injured to fight recklessly!
You are too injured to fight recklessly!
You are too injured to fight recklessly!
You closely miss the quokka. You hit the scorpion but do no damage.
You feel sick. The scorpion stings you.
You are more poisoned.
The scorpion poisons you! The quokka bites you.
You miss the quokka. You slash the scorpion!
You feel very sick. The quokka completely misses you. The scorpion stings you.
You are lethally poisoned!
The scorpion poisons you!
The quokka bites you but does no damage.
The scorpion stings you.
You slash the quokka!
You kill the quokka!
Trog accepts your kill.
You barely miss the scorpion.
* * * LOW HITPOINT WARNING * * *
You feel extremely sick. The scorpion stings you.
* * * LOW HITPOINT WARNING * * *
You are more poisoned.
The scorpion poisons you!
You die...

#.P..#..#...##### #
##.##..##..##.## #
###..#### #..###### #
........# #.......# #
........# ##......# #
........########.### #
...................# ##
...................# ##.
...?..s@...........###..
...................##...
######.............##.÷≈
#.............#...≈
#......####.#.'...≈
#.###..# #.#.'...# #^
#..# #.#.'...≈ .. ##.#
###.#...≈ #.. #.#
#.##..≈


You could see a scorpion.

Vanquished Creatures
  A kobold brigand (D:3)
  3 adders
  2 worms (D:2)
  3 dart slugs
  9 ball pythons
  3 endoplasms
  5 giant cockroaches
  7 goblins
  5 hobgoblins
  6 jackals (D:1)
  7 quokkas
  6 bats
  6 frilled lizards
  4 kobolds
  9 rats
76 creatures vanquished.

Notes
Turn   | Place    | Note
-------+----------+-------------------------------------------
     0 | D:1      | Wiggles the Minotaur Berserker began the quest for the Orb.
     0 | D:1      | Reached XP level 1. HP: 19/19 MP: 0/0
   229 | D:1      | Reached XP level 2. HP: 27/27 MP: 1/1
   356 | D:1      | Reached skill level 4 in Axes
   457 | D:1      | Found a faded altar of an unknown god.
   586 | D:1      | Reached XP level 3. HP: 34/34 MP: 2/2
  1090 | D:2      | Reached ** piety under Trog
  1443 | D:2      | Reached XP level 4. HP: 41/41 MP: 3/3
  1501 | D:2      | Reached skill level 5 in Axes
  2089 | D:3      | Noticed a kobold brigand
  2097 | D:3      | Killed a kobold brigand
  2098 | D:3      | Reached XP level 5. HP: 47/47 MP: 4/4
  2216 | D:3      | Reached skill level 6 in Axes
  2282 | D:3      | HP: 2/47 [scorpion (6)]
  2283 | D:3      | Succumbed to a scorpion's poison

Illustrated notes

Levels and vault maps discovered:
D:1:      amcnicky_arrival_wind_blow, layout_loops_corners,
          shapermc_ecumenical_altar_starsandcircs
D:2:      layout_basic
D:3:      layout_basic, serial_aquarium, aquarium_bridge_long_separate
          [aquarium_subvault_wall, aquarium_subvault_wall,
          aquarium_subvault_bridge, aquarium_subvault_bridge,
          aquarium_subvault_bridge, aquarium_subvault_window],
          aquarium_bridge_island_small [aquarium_subvault_small_open,
          aquarium_subvault_wall, aquarium_subvault_wall,
          aquarium_subvault_bridge, aquarium_subvault_wall],
          aquarium_window_fake, aquarium_window_2, aquarium_window_2,
          aquarium_view_2c, aquarium_view_2d, gup_sewer_entry_bubbles,
          kennysheep_donut, minmay_checkerbox

Skill      XL: |  1  2  3  4  5 |
---------------+----------------+-----
Fighting       | 4 |  4.9
Axes           | 4 5 6 |  6.0
Armour         | |  2.6
Dodging        | |  2.9
Stealth        | |  0.5

Action                     |  1- 3 |  4- 6 || total
---------------------------+-------+-------++-------
  Melee: War axe           |    76 |    57 ||   133
         Headbutt          |    10 |     7 ||    17
         Hand axe          |     1 |       ||     1
 Invoke: Berserk           |       |     1 ||     1
   Stab: Sleeping          |     1 |       ||     1
 Armour: Animal skin       |    10 |       ||    10
         Leather armour    |     3 |    16 ||    19
         Ring mail         |       |     4 ||     4
  Dodge: Dodged            |    68 |    38 ||   106
